 Dungeon Crawl Stone Soup version 0.24.0-13-gcf9b3192b9 (webtiles) character file.

Game seed: 17003441217846335344, levelgen mode: deterministic

378 Acheron the Skirmisher (level 6, 0/57 HPs)
             Began as a Minotaur Berserker on Nov 6, 2019.
             Was a Believer of Trog.
             Slain by an orc priest
             ... wielding a +0 club
              (3 damage)
             ... on level 4 of the Dungeon.
             The game lasted 00:07:28 (1665 turns).

Acheron the Skirmisher (Minotaur Berserker)         Turns: 1665, Time: 00:07:29

Health: 0/57       AC:  3    Str: 21    XL:     6   Next: 45%
Magic:  5/5        EV: 12    Int:  6    God:    Trog [**....]
Gold:   82         SH:  0    Dex: 10    Spells: 5/5 levels left

rFire    . . .     SeeInvis .   a - +0 hand axe
rCold    . . .     Gourm    .   (no shield)
rNeg     . . .     Faith    .   e - +0 leather armour (curse)
rPois    .         Spirit   .   (helmet restricted)
rElec    .         Reflect  .   (no cloak)
rCorr    .         Harm     .   (no gloves)
MR       ++...                  (no boots)
Stlth    +.........             (no amulet)
HPRegen  1.19/turn              (no ring)
MPRegen  0.09/turn              (no ring)

@: regenerating
A: retaliatory headbutt, horns 2
a: Berserk, Trog's Hand, Renounce Religion


You were on level 4 of the Dungeon.
You worshipped Trog.
Trog was pleased with you.
You were hungry.

You visited 1 branch of the dungeon, and saw 4 of its levels.

You collected 82 gold pieces.

Inventory:

Hand Weapons
 a - a +0 hand axe (weapon)
Missiles
 g - 41 stones (quivered)
 m - 23 sling bullets
Armour
 e - a cursed +0 leather armour (worn)
 j - a +0 ring mail
 l - a +0 scale mail
Jewellery
 b - an uncursed amulet of harm {unknown}
Scrolls
 d - a scroll of amnesia {unknown}
 f - a scroll of identify {unknown}
Potions
 h - a potion of cancellation {unknown}
 i - 2 potions of flight {unknown}
 k - a potion of curing {unknown}
 n - a potion of magic {unknown}
Comestibles
 c - 4 rations


   Skills:
 * Level 5.6 Fighting
 + Level 5.3 Axes
 * Level 2.0 Throwing
 * Level 3.4 Armour
 * Level 3.4 Dodging
 * Level 1.7 Stealth


You had 5 spell levels left.
You didn't know any spells.
Your spell library was empty.

Dungeon Overview and Level Annotations

Branches:
Dungeon (4/15)
 Temple: D:4-7

Altars:
Nemelex Xobeh
Qazlal


Innate Abilities, Weirdness & Mutations

You reflexively headbutt those who attack you in melee.
You have a pair of horns on your head.


Message History

The puff of flame hits you.
* * * LOW HITPOINT WARNING * * *
You hit something. Your headbutt misses something. You hit the orc priest.
You are feeling hungry.
Something hits you.
* * * LOW HITPOINT WARNING * * *
The orc priest barely misses you.
You hit something. Trog accepts your kill.
Trog appreciates your killing of a magic user.
Reactivating autopickup.
Your Throwing skill increases to level 2!
You feel a bit more experienced.
You hit the orc priest.
The orc priest calls down the wrath of Beogh upon you.
Beogh smites you!
* * * LOW HITPOINT WARNING * * *
You barely miss the orc priest.
The orc priest is moderately wounded.
The orc priest hits you with a +0 club.
You die...

###
#.#######
#.......#
#.#####.#
#.#.# #.#
#..)# #.#
#.#@# #.#
###o# #.#
... #.####
...#.#<...#
....#.##...+
.....#
##...#
.....##
#...# ......
##+##


You could see an orc priest.

Vanquished Creatures
  An ogre (D:2)
  3 killer bees (D:3)
  2 orc wizards (D:4)
  3 gnolls (D:2)
  2 adders (D:2)
  An ooze (D:1)
  6 dart slugs (D:2)
  3 orcs
  4 goblins
  6 hobgoblins
  3 jackals (D:2)
  3 kobolds (D:2)
  A quokka (D:2)
  4 bats
  3 frilled lizards
  2 rats
47 creatures vanquished.

Notes
Turn   | Place    | Note
-------+----------+-------------------------------------------
     0 | D:1      | Acheron the Minotaur Berserker began the quest for the Orb.
     0 | D:1      | Reached XP level 1. HP: 19/19 MP: 0/0
   197 | D:1      | Reached XP level 2. HP: 25/27 MP: 1/1
   474 | D:2      | Noticed an ogre
   488 | D:2      | Killed an ogre
   488 | D:2      | Reached skill level 1 in Throwing
   488 | D:2      | Reached skill level 1 in Stealth
   488 | D:2      | Reached XP level 3. HP: 35/35 MP: 2/2
   488 | D:2      | Reached XP level 4. HP: 41/41 MP: 3/3
   678 | D:2      | Reached skill level 5 in Fighting
   689 | D:2      | Reached XP level 5. HP: 28/48 MP: 4/4
   962 | D:2      | Found a faded altar of an unknown god.
   968 | D:2      | Reached ** piety under Trog
  1056 | D:2      | Found a sparkling altar of Nemelex Xobeh.
  1299 | D:3      | Found a stormy altar of Qazlal.
  1379 | D:3      | Reached skill level 5 in Axes
  1379 | D:3      | Reached XP level 6. HP: 45/56 MP: 5/5
  1664 | D:4      | HP: 2/57 [orc priest/divine providence (10)]
  1665 | D:4      | Slain by an orc priest

Levels and vault maps discovered:
D:1:      dpeg_arrival_chase, layout_loops_ring, minmay_quantized
D:2:      layout_loops_ring, chequers_ecumenical_altar_simple_redux,
          nemelex_lonely_heart_becter
D:3:      layout_basic, nicolae_qazlal_general_emergency
D:4:      layout_basic, first_ration, uniq_natasha

Skill      XL: |  1  2  3  4  5  6 |
---------------+-------------------+-----
Fighting       | 4 5 |  5.6
Axes           | 4 5 |  5.3
Throwing       | 1 2 |  2.0
Stealth        | 1 |  1.7
Armour         | 3 |  3.4
Dodging        | 3 |  3.4

Action                   |  1- 3 |  4- 6 || total
-------------------------+-------+-------++-------
Melee: Hand axe          |    21 |    67 ||    88
       Headbutt          |     4 |    14 ||    18
Invok: Berserk           |     1 |     1 ||     2
       Trog's Hand       |       |     1 ||     1
  Eat: Chunk             |       |     4 ||     4
Armor: Animal skin       |     1 |       ||     1
       Leather armour    |     4 |    22 ||    26
Dodge: Dodged            |    15 |    57 ||    72
